 Dungeon Crawl Stone Soup version 0.29-a0-993-g4a18f31a58 (webtiles) character file.

Game seed: 8995159627024999953

695 gelatine the Firebug (level 7, -1/48 HPs)
             Began as a Demonspawn Fire Elementalist on Aug 2, 2022.
             Was an Initiate of Vehumet.
             Killed by divine providence
             ... invoked by an orc priest
              (13 damage)
             ... on level 5 of the Dungeon.
             The game lasted 00:15:11 (4999 turns).

gelatine the Firebug (Demonspawn Fire Elementalist) Turns: 4999, Time: 00:15:12

Health: -1/48      AC:  6    Str:  8    XL:     7   Next: 37%
Magic:  6/13       EV: 12    Int: 19    God:    Vehumet [......]
Gold:   189        SH:  0    Dex: 13    Spells: 5/14 levels left

rFire   . . .      SeeInvis .   m - +0 rapier (vamp)
rCold   . . .      Faith    .   (no shield)
rNeg    . . .      Spirit   .   a - +1 robe
rPois   .          Reflect  .   b - +2 helmet
rElec   .          Harm     .   (no cloak)
rCorr   .          Rampage  .   (no gloves)
Will    .....                   (no boots)
Stlth   ++........              (no amulet)
HPRegen 2.16/turn               (no ring)
MPRegen 0.13/turn               (no ring)

@: no status effects
A: hooves 2, powered by death 2, spiny 1
a: Renounce Religion


You were on level 5 of the Dungeon.
You worshipped Vehumet.
Vehumet was noncommittal.
You visited 1 branch of the dungeon, and saw 5 of its levels.

You collected 189 gold pieces.

Inventory:

Hand Weapons
 e - a +0 dagger of venom
 j - a +3 whip of electrocution
 m - a +0 vampiric rapier (weapon)
Missiles
 i - 3 atropa-tipped darts
Armour
 a - a +1 robe (worn)
 b - a +2 helmet (worn)
Magical Staves
 k - a staff of air
Wands
 g - a wand of iceblast (6)
Potions
 c - a potion of lignification
 d - 2 potions of curing {unknown}
 f - a potion of brilliance
 h - a potion of ambrosia {unknown}
 l - a potion of invisibility {unknown}
 o - a potion of mutation {unknown}
 r - a potion of heal wounds {unknown}


   Skills:
 * Level 1.3 Fighting
 + Level 0.5 Short Blades
 + Level 2.4 Dodging
 + Level 2.5 Stealth
 + Level 4.3 Spellcasting
 + Level 3.7 Conjurations
 * Level 1.2 Hexes
 + Level 4.6 Fire Magic
 * Level 0.4 Air Magic
 * Level 0.4 Evocations


You had 5 spell levels left.
You knew the following spells:

 Your Spells              Type           Power      Damage    Failure   Level
a - Foxfire               Conj/Fire      80%        2x1d8     2%          1
b - Scorch                Fire           42%        2d7       3%          2
c - Conjure Flame         Conj/Fire      20%        6-21      7%          3
d - Inner Flame           Hex/Fire       15%        N/A       12%         3

Your spell library contained the following spells:

 Spells                   Type           Power      Damage    Failure   Level
 Shock                    Conj/Air       48%        1d6       5%          1
 Apportation              Tloc           8%         N/A       13%         1
 Summon Small Mammal      Summ           16%        N/A       13%         1
 Flame Wave               Conj/Fire      20%        2d7       24%         4
 Summon Guardian Golem    Hex/Summ       6%         N/A       30%         3
 Swiftness                Air            5%         N/A       32%         3
 Call Canine Familiar     Summ           4%         N/A       36%         3
 Fireball                 Conj/Fire      10%        3d6       54%         5
 Iskenderun's Battlesphe  Conj           18%        2d7       61%         5
 Airstrike                Air            2%         2d(1-17)  73%         4
 Alistair's Intoxication  Tmut/Pois      2%         N/A       98%         5
 Conjure Ball Lightning   Conj/Air       6%         3x3d6     100%        6
 Orb of Destruction       Conj           9%         9d6       100%        7


Dungeon Overview and Level Annotations

Branches:
Dungeon (5/15)
 Temple: D:4-7

Altars:
Ashenzari
Gozag
Hepliaklqana
Kikubaaqudgha
Sif Muna
Vehumet

Shops:
D:1 (


Innate Abilities, Weirdness & Mutations

You have hoof-like feet.
You regenerate health from kills.
You are partially covered in sharp spines.


Message History

The gnoll hits you from afar with a +0 spear.
The gnoll bouda barks out a call to the hunt!
The gnolls pick up the pace!
The orc priest calls down the wrath of Beogh upon you.
Beogh smites you!
* * * LOW HITPOINT WARNING * * *
The orc priest hits your gnoll with a +0 hand axe.
Your gnoll closely misses the orc priest.
Your gnoll dissolves into shadows!
Your shadow imp gestures at the gnoll.
The gnoll writhes in agony!
The gnoll dies!
Vehumet accepts your kill.
Your jelly hits the orc priest but does no damage.
The orc priest hits your jelly with a +0 falchion!
The acid corrodes the orc priest!
The orc priest is burned by acid!
Your jelly hits the orc priest.
The orc priest is splashed with acid.
The orc priest seems to be corroded for longer.
The orc priest calls upon Beogh to heal the orc priest.
The orc priest is healed somewhat.
Your jelly hits the orc priest.
The orc priest is splashed with acid.
The orc priest seems to be corroded for longer.
Casting: Scorch (safe; 3% risk of failure)
Confirm with . or Enter, or press ? or * to list all spells.
Flames lash the orc priest.
The orc priest is moderately wounded.
The orc priest's fire resistance burns away.
The orc priest hits your jelly with a +0 falchion!
Your jelly dies!
Your jelly dissolves into shadows!
Casting: Scorch (safe; 3% risk of failure)
Confirm with . or Enter, or press ? or * to list all spells.
Flames lash the orc priest.
The orc priest is burned terribly!
The orc priest is almost dead.
The orc priest is struck by your spines.
You kill the orc priest!
Vehumet accepts your kill.
The orc priest invokes the aid of Beogh against you.
Beogh smites you!
You die...

....#.......#.#
#####.......#.###
................#
..........<.#.#.#
...#.....5g.#.#.######
.........gJ.#........#
..##..#..#.##........#
. .......#.##........#
###.#...#......@....#
#...#..####...)....####
.......................
######.######5o.######
.. #o†..# #..g.#.#
...g.##...# ....g ##..#
.... ...


You could see a gnoll bouda, an orc priest (corroded, ally target), an orc and a
friendly shadow imp (summoned).

Vanquished Creatures
  Sigmund (D:3)
  3 scorpions
  An orc priest (D:5)
  A hound (D:5)
  Ijyb (D:4)
  An iguana (D:4)
  3 orc wizards (D:3)
  Robin (D:2)
  5 gnolls
  5 adders
  A shadow imp (D:5)
  2 worms (D:2)
  A dart slug (D:3)
  2 orcs
  3 endoplasms
  A giant cockroach (D:2)
  15 goblins
  8 hobgoblins
  2 jackals (D:1)
  7 kobolds
  2 quokkas
  8 ball pythons
  6 bats
  4 frilled lizards
  4 rats
88 creatures vanquished.

Vanquished Creatures (collateral kills)
  A gnoll (D:5)
1 creature vanquished.

Vanquished Creatures (others)
  247 foxfires
247 creatures vanquished.

Grand Total: 336 creatures vanquished

Notes
Turn   | Place    | Note
-------+----------+-------------------------------------------
     0 | D:1      | gelatine the Demonspawn Fire Elementalist began the quest
                  | for the Orb.
     0 | D:1      | Reached XP level 1. HP: 13/13 MP: 3/3
    60 | D:1      | Found Kaetehou's Antique Weapon Boutique.
   214 | D:1      | Gained mutation: You regenerate a little health from kills.
                  | [demonic ancestry]
   214 | D:1      | Reached XP level 2. HP: 19/19 MP: 0/5
   284 | D:1      | Found a faded altar of an unknown god.
  1008 | D:2      | Gained mutation: You have large cloven feet. [demonic
                  | ancestry]
  1008 | D:2      | Reached XP level 3. HP: 24/24 MP: 1/6
  1009 | D:2      | Noticed Robin
  1233 | D:2      | Killed Robin
  1720 | D:2      | Reached XP level 4. HP: 30/30 MP: 4/8
  2499 | D:2      | Learned a level 2 spell: Scorch
  2503 | D:2      | Learned a level 3 spell: Conjure Flame
  2513 | D:3      | Noticed Sigmund
  2801 | D:3      | Noticed a scorpion
  2805 | D:3      | Killed a scorpion
  2806 | D:3      | Gained mutation: You are partially covered in sharp spines.
                  | [demonic ancestry]
  2806 | D:3      | Reached XP level 5. HP: 35/35 MP: 2/9
  2907 | D:3      | Killed Sigmund
  2908 | D:3      | Gained mutation: You have hoof-like feet. [demonic
                  | ancestry]
  2908 | D:3      | Reached XP level 6. HP: 41/41 MP: 5/11
  3290 | D:3      | Found a hazy altar of Hepliaklqana.
  3473 | D:3      | Found an ancient bone altar of Kikubaaqudgha.
  3473 | D:3      | Found a shimmering blue altar of Sif Muna.
  3565 | D:3      | Found a radiant altar of Vehumet.
  3759 | D:3      | Became a worshipper of Vehumet
  3872 | D:4      | Found a broken altar of Ashenzari.
  3888 | D:4      | Learned a level 3 spell: Inner Flame
  4057 | D:4      | Gained mutation: You regenerate health from kills. [demonic
                  | ancestry]
  4057 | D:4      | Reached XP level 7. HP: 47/47 MP: 7/13
  4264 | D:4      | Noticed Ijyb
  4270 | D:4      | Killed Ijyb
  4587 | D:4      | Reached skill level 1 in Fighting
  4747 | D:5      | Entered Level 5 of the Dungeon
  4756 | D:5      | Reached skill level 1 in Hexes
  4764 | D:5      | Found an opulent altar of Gozag.
  4999 | D:5      | Killed from afar by an orc priest

Illustrated notes

Levels and vault maps discovered:
D:1:      wander_arrival_peaceful_grave, layout_rooms, serial_shops,
          nicolae_shop_waterfront, basic_ecumenical_altar, st_stairs_6,
          chequers_arboretum
D:2:      minmay_skewed_foursquare, layout_rooms,
          chequers_serial_rivers_large_a, uniq_robin
D:3:      layout_loops_ring, palyth_temple_overflow_mages, old_standard_altar,
          uniq_sigmund
D:4:      layout_loops_corners, mainiacjoe_overflow_boulevard, uniq_ijyb
D:5:      layout_basic, amcnicky_altar_gilded, sword_in_stone, uniq_grinder

Skill      XL: |  1  2  3  4  5  6  7 |
---------------+----------------------+-----
Fire Magic     | 3 4 |  4.6
Dodging        | 2 |  2.4
Stealth        | 2 |  2.5
Spellcasting   | 3 4 |  4.3
Conjurations   | 2 3 |  3.7
Fighting       | 1 |  1.3
Hexes          | 1 |  1.2
Short Blades   | |  0.5
Air Magic      | |  0.4
Evocations     | |  0.4

Action                   |  1- 3 |  4- 6 |  7- 9 || total
-------------------------+-------+-------+-------++-------
Melee: Unarmed           |     5 |       |       ||     5
       Dagger            |     9 |    15 |       ||    24
       Kick              |     3 |     6 |     2 ||    11
       Rapier            |       |       |    10 ||    10
 Cast: Foxfire           |    76 |    77 |     7 ||   160
       Scorch            |       |     2 |    12 ||    14
  Use: Scroll            |     1 |       |     9 ||    10
       Potion            |     1 |       |       ||     1
 Stab: Sleeping          |       |       |     1 ||     1
Armor: Robe              |    13 |     7 |     4 ||    24
Dodge: Dodged            |    22 |    13 |    13 ||    48

Table legend: (Time is in decaauts)
 A = Elapsed time spent in this place.
 B = Non-inter-level travel time spent in this place.
 C = Inter-level travel time spent in this place.
 D = Time resting spent in this place.
 E = Time spent auto-exploring this place.
 F = Levels seen in this place.
 G = Mean time per level.
                   A        B        C        D        E       F      G
               +--------+--------+--------+--------+--------+-----+--------+
         Total |   5013 |   4779 |    234 |    244 |   3796 |   5 | 1002.6 |
       Dungeon |   5013 |   4779 |    234 |    244 |   3796 |   5 | 1002.6 |
               +--------+--------+--------+--------+--------+-----+--------+

Top non-repeatable levels by time:
     D:2: 1612 daAuts
     D:1: 1092 daAuts
     D:3: 1041 daAuts
     D:4: 1015 daAuts
     D:5: 252 daAuts
